 Dungeon Crawl Stone Soup version 0.30.1-3-gfc49f6343a (webtiles) character file.

Game seed: 11877399401283259172

20 shmup the Firebug (level 2, -8/15 HPs)
             Began as a Tengu Fire Elementalist on July 26, 2023.
             Mangled by a gnoll
             ... wielding a +0 halberd
              (10 damage)
             ... on level 2 of the Dungeon.
             The game lasted 00:04:01 (894 turns).

shmup the Firebug (Tengu Fire Elementalist)          Turns: 894, Time: 00:04:02

Health: -8/15      AC:  3    Str:  8    XL:     2   Next: 79%
Magic:  5/6        EV:  6    Int: 15    God:
Gold:   91         SH:  0    Dex: 14    Spells: 2/5 levels left

rFire   . . .        g - +0 short sword
rCold   . . .        (no shield)
rNeg    . . .        a - +0 robe
rPois   .            (helmet restricted)
rElec   .            (no cloak)
rCorr   .            j - +0 pair of gloves
SInv    .            (boots unavailable)
Will    .....        h - amulet of magic regeneration
Stlth   ++           (no ring)
HPRegen 0.22/turn    (no ring)
MPRegen 0.50/turn

%: no passive effects
@: held
A: beak, talons 3
a: no special abilities


You were on level 2 of the Dungeon.
You visited 1 branch of the dungeon, and saw 2 of its levels.

You collected 91 gold pieces.

Inventory:

Hand Weapons
 g - a +0 short sword (weapon)
Missiles
 d - 6 boomerangs of dispersal (quivered)
 l - 3 stones
Armour
 a - a +0 robe (worn)
 j - a +0 pair of gloves (worn)
Jewellery
 h - an amulet of magic regeneration (around neck)
Scrolls
 c - a scroll of immolation
 e - a scroll of enchant armour {unknown}
 f - a scroll of vulnerability {unknown}
 i - a scroll of enchant weapon {unknown}
 k - a scroll of identify {unknown}
Potions
 b - a potion of magic


   Skills:
 - Level 2.1 Dodging
 - Level 2.0 Stealth
 - Level 2.0 Spellcasting
 + Level 2.2 Conjurations
 * Level 4.1 Fire Magic


You had 2 spell levels left.
You knew the following spells:

 Your Spells              Type           Power      Damage    Failure   Level
a - Foxfire               Conj/Fire      44%        2x1d6     6%          1
b - Scorch                Fire           26%        2d6       6%          2

Your spell library contained the following spells:

 Spells                   Type           Power      Damage    Failure   Level
 Ensorcelled Hibernation  Hex/Ice        2%         N/A       32%         2
 Passwall                 Tmut/Erth      0%         N/A       32%         2
 Inner Flame              Hex/Fire       7%         N/A       28%         3
 Volatile Blastmotes      Fire/Tloc      14%        2d11      28%         3
 Flame Wave               Conj/Fire      11%        2d6       52%         4
 Swiftness                Air            1%         N/A       54%         3


Dungeon Overview and Level Annotations

Branches:
Dungeon (2/15)

Altars:
Trog


Innate Abilities, Weirdness & Mutations

You have a beak for a mouth.
You have claws for feet.


Message History

The hobgoblin is almost dead.
The foxfire hits the hobgoblin.
You kill the hobgoblin!
You see here a hobgoblin corpse.
There is a stone staircase leading down here.
Done exploring.
Done exploring.
Done exploring.
As you read the scroll labelled QAHEJU HOTONT, it crumbles to dust.
The air around you briefly surges with heat, but it dissipates.
It was a scroll of immolation.
You start waiting.
Done waiting.
Done exploring.
(D) Dungeon
Where to? (Enter - D:1 @ (x,y), ? - help)
There is a stone staircase leading down here.
You climb downwards.
The hobgoblin shouts!
The gnoll shouts! x2
Found 28 gold pieces and a dagger.
Found a bloodstained altar of Trog.
There is a stone staircase leading up here.
There are monsters nearby!
Casting: Foxfire (safe; 6% risk of failure)
Confirm with . or Enter, or press ? or * to list all spells.
Flames lash the gnoll.
The gnoll is almost dead.
The gnoll's fire resistance burns away.
The gnoll throws a throwing net.
The throwing net hits you.
You become entangled in the net!
The gnoll hits you but does no damage.
You struggle against the net.
The rat bites you but does no damage. The gnoll barely misses you.
The gnoll hits you from afar with a +0 halberd!
Ouch! That really hurt!
* * * LOW HITPOINT WARNING * * *
You struggle against the net.
The rat bites you but does no damage. The gnoll hits you with a +0 spear.
* * * LOW HITPOINT WARNING * * *
The gnoll hits you from afar with a +0 halberd!
Ouch! That really hurt!
You die...

▒.▒▒▒▒▒.▒
▒.▒.....
▒▒▒.
........▒...
▒.....▒...▒
▒...g....▒
▒.ggg...
▒...g.▒
▒...Q.▒
▒..$r.▒
▒..).$$.
▒.▒▒▒....▒
▒. ...... ▒
.....▒▒
_..▒▒▒ ...▒


You could see 4 gnolls, a hobgoblin and a rat.

Vanquished Creatures
  2 ball pythons (D:1)
  3 endoplasms (D:1)
  A goblin (D:1)
  6 hobgoblins (D:1)
  2 jackals (D:1)
  A kobold (D:1)
15 creatures vanquished.

Vanquished Creatures (others)
  46 foxfires (D:1)
46 creatures vanquished.

Grand Total: 61 creatures vanquished

Notes
Turn   | Place    | Note
-------+----------+-------------------------------------------
     0 | D:1      | shmup the Tengu Fire Elementalist began the quest for the
                  | Orb.
     0 | D:1      | Reached XP level 1. HP: 10/10 MP: 4/4
   225 | D:1      | Reached XP level 2. HP: 6/15 MP: 3/6
   368 | D:1      | Found a faded altar of an unknown god.
   518 | D:1      | Reached skill level 4 in Fire Magic
   535 | D:1      | Learned a level 2 spell: Scorch
   891 | D:2      | Found a bloodstained altar of Trog.
   894 | D:2      | Mangled by a gnoll

Illustrated notes

Levels and vault maps discovered:
D:1:      matt_arrival_diagonals, layout_basic, shapermc_ecumenical_altar_ellora
D:2:      layout_rooms, basic_altar, minmay_misc_feat_five

Skill      XL: |  1  2 |
---------------+-------+-----
Conjurations   | 2 |  2.2
Fire Magic     | 4 |  4.1
Dodging        | |  2.1
Stealth        | |  2.0
Spellcasting   | |  2.0

Action                     || total
---------------------------++-------
  Melee: Short sword       ||     4
         Unarmed           ||     1
         Kick              ||     1
   Cast: Foxfire           ||    31
         Scorch            ||     1
    Use: Scroll            ||     1
 Armour: Robe              ||     6
  Dodge: Dodged            ||    22
